 Dungeon Crawl Stone Soup version 0.17-a0-963-gaa5423c (webtiles) character file.

54 namelastname112 the Sneak (level 3, -6/26 HPs)
             Began as a Draconian Enchanter on May 9, 2015.
             Mangled by a gnoll (7 damage)
             ... on level 1 of the Dungeon.
             The game lasted 00:02:21 (1281 turns).

namelastname112 the Sneak (Draconian Enchanter)     Turns: 1281, Time: 00:02:21

Health: -6/26      AC:  5    Str: 10    XL:     3   Next: 66%
Magic:  2/6        EV: 12    Int: 16    God:
Gold:   79         SH:  0    Dex: 11    Spells: 3 memorised, 0 levels left

rFire  . . .     SeeInvis .     k - +1 short sword (speed)
rCold  . . .     Clarity  .     (armour unavailable)
rNeg   . . .     SustAb   .     (no shield)
rPois  .         Gourm    .     (helmet restricted)
rElec  .         Spirit   .     (no cloak)
rCorr  .         Warding  .     (no gloves)
rMut   .         Stasis   .     (no boots)
MR     .....                    (no amulet)
Stlth  ++........               (no ring)
                                (no ring)

@: very slightly contaminated, not resistant to hostile enchantments, unstealthy
A: unfitting armour, cold-blooded, AC +5
a: no special abilities


You were on level 1 of the Dungeon.
You were very hungry.

You visited 1 branch of the dungeon, and saw 2 of its levels.

You collected 79 gold pieces.

Inventory:

Hand weapons
 a - a +1 dagger
 k - a +1 short sword of speed (weapon)
Scrolls
 d - a scroll of random uselessness {unknown}
 e - a scroll of noise {unknown}
 g - a scroll of magic mapping {unknown}
 h - 2 scrolls of teleportation {unknown}
 l - a scroll of recharging {unknown}
Potions
 f - a potion of might {unknown}
 i - 2 potions of ambrosia {unknown}
 m - a potion of magic {unknown}
 n - a potion of flight {unknown}
Books
 b - a book of Maledictions

   Spells                             Type                      Level
   a - Corona                         Hexes                        1
   b - Ensorcelled Hibernation        Hexes/Ice                    2
   c - Confuse                        Hexes                        3
   d - Tukima's Dance                 Hexes                        3
   e - Dazzling Spray                 Conjuration/Hexes            3
Comestibles
 c - 2 bread rations
 j - a royal jelly


   Skills:
 + Level 1.6 Short Blades
 + Level 2.2 Dodging
 + Level 3.3 Stealth
 + Level 2.3 Spellcasting
 + Level 3.0 Hexes


You couldn't memorise any spells.
You knew the following spells:

 Your Spells              Type           Power        Failure   Level  Hunger
a - Corona                Hex            ##.....      8%          1    #......
x - Confuse               Hex            ##......     17%         3    ###....
z - Ensorcelled Hibernat  Hex/Ice        #.....       17%         2    ###....


Dungeon Overview and Level Annotations

Branches:
Dungeon (2/15)

Altars:
Vehumet


Innate Abilities, Weirdness & Mutations

Your plain brown scales are hard (AC +5).
Your body does not fit into most forms of armour.
You are cold-blooded and may be slowed by cold attacks.


Message History

There is a stone staircase leading up here.
The gnoll hits you!
You climb upwards.
There is a stone staircase leading down here.
Casting: Ensorcelled Hibernation
Confirm with . or Enter, or press ? or * to list all spells.
Aiming: Ensorcelled Hibernation
Press: ? - help, Shift-Dir - straight line, f - gnoll
Aim: a gnoll (chance 47%)
The gnoll resists with some effort.
The gnoll hits you!
* * * LOW HITPOINT WARNING * * *
Casting: Ensorcelled Hibernation
Confirm with . or Enter, or press ? or * to list all spells.
Aiming: Ensorcelled Hibernation
Press: ? - help, Shift-Dir - straight line, f/p - gnoll
Aim: a gnoll (chance 47%)
You miscast Ensorcelled Hibernation.
You are very lightly contaminated with residual magic.
You feel a strange surge of energy! The gnoll hits you!
You die...

#..#..######.#
#.#
##...........#
#.#
###.#######.#
#.# #.# #.#
#.# #.# #.#
#.# #.#
#.########.##
#.####
#...........รท
#.>g.#
#######.#####
####@# #.# #.#
#.# #.# #.#
#.# ###.# #.#
#####...#####
#.#
#............
#.#
#.###.#####..
#.####.# #.#
#.. #......#
#.# #..


You could see a gnoll.

Vanquished Creatures
  Ijyb (D:2)
  An adder (D:2)
  A giant gecko (D:1)
  6 bats
  A goblin (D:1)
  2 hobgoblins (D:2)
  3 kobolds
  A giant cockroach (D:2)
  A giant newt (D:2)
17 creatures vanquished.

Notes
Turn   | Place    | Note
--------------------------------------------------------------
     0 | D:1      | namelastname112, the Draconian Enchanter, began the quest for the Orb.
     0 | D:1      | Reached XP level 1. HP: 14/14 MP: 3/3
   608 | D:2      | Noticed Ijyb
   745 | D:2      | Reached XP level 2. HP: 20/20 MP: 5/5
   749 | D:2      | Learned a level 2 spell: Ensorcelled Hibernation
   787 | D:2      | Reached skill level 3 in Stealth
   826 | D:2      | Found a radiant altar of Vehumet.
   904 | D:2      | Killed Ijyb
   904 | D:2      | Reached XP level 3. HP: 18/26 MP: 2/6
   909 | D:2      | Learned a level 3 spell: Confuse
  1280 | D:1      | HP: 1/26 [gnoll (7)]
  1281 | D:1      | Mangled by a gnoll

Action                   || total
-------------------------++-------
Melee: Dagger            ||    18
       Short sword       ||    58
 Cast: Ensorcelled Hiber ||     4
 Stab: Sleeping          ||     3
